 Dungeon Crawl Stone Soup version 0.20.0-8-g6b59dc7 (webtiles) character file.

221 Hasart the Poker (level 5, -1/37 HPs)
             Began as an Octopode Fighter on May 30, 2017.
             Slain by a quokka (5 damage)
             ... on level 4 of the Dungeon.
             The game lasted 00:06:25 (3066 turns).

Hasart the Poker (Octopode Fighter)                 Turns: 3066, Time: 00:06:26

Health: -1/37      AC:  1    Str: 15    XL:     5   Next: 98%
Magic:  14/14      EV: 12    Int: 11    God:
Gold:   92         SH:  9    Dex: 12    Spells: 4/4 levels left

rFire    . . .     SeeInvis .   a - +0 trident
rCold    . . .     Gourm    .   b - +0 shield
rNeg     . . .     Faith    .   (helmet restricted)
rPois    .         Spirit   .   (no amulet)
rElec    .         Reflect  .   e - ring of magical power
rCorr    .         Harm     .   (no ring)
MR       .....                  (no ring)
Stlth    +++.......             (no ring)
Regen    0.2/turn               (no ring)
MPRegen  0.2/turn               (no ring)
                                (no ring)
                                (no ring)

@: no status effects
A: almost no armour, stealthy swim, amphibious, 8 rings, constrict 8, camouflage
1, gelatinous body 1
a: no special abilities


You were on level 4 of the Dungeon.
You were very hungry.

You visited 1 branch of the dungeon, and saw 4 of its levels.

You collected 92 gold pieces.

Inventory:

Hand Weapons
 a - a +0 trident (weapon)
Armour
 b - a +0 shield (worn)
Jewellery
 e - a ring of magical power (left tentacle)
Wands
 n - a wand of clouds (3/9)
Scrolls
 i - 2 scrolls of remove curse {unknown}
 j - a scroll of random uselessness {unknown}
 k - 2 scrolls of identify {unknown}
 l - a scroll of enchant armour {unknown}
 o - a scroll of fear {unknown}
 q - a scroll of amnesia {unknown}
Potions
 c - a potion of might
 g - a potion of mutation {unknown}
 h - a potion of haste {unknown}
 p - 4 potions of curing {unknown}
 r - a potion of degeneration {unknown}
 s - a potion of lignification {unknown}
Comestibles
 d - 2 bread rations
 f - a meat ration
 m - a royal jelly


   Skills:
 + Level 3.7 Fighting
 + Level 3.9 Polearms
 + Level 3.8 Dodging
 + Level 2.8 Stealth
 + Level 3.6 Shields


You had 4 spell levels left.
You didn't know any spells.

Dungeon Overview and Level Annotations

Branches:
Dungeon (4/15)
 Temple: D:4-7

Altars:
Ashenzari


Innate Abilities, Weirdness & Mutations

You cannot wear most types of armour.
You are very stealthy in the water. (Stealth+)
You are amphibious.
You can wear up to eight rings at the same time.
You can use your tentacles to constrict eight enemies at once.
Your skin changes colour to match your surroundings (Stealth+).
Your rubbery body absorbs attacks. (AC +1, EV +1)


Message History

You constrict the iguana, but do no damage.
You block the quokka's attack. The iguana bites you!
The orc closely misses you.
You hit the iguana. You squeeze the iguana.
You kill the iguana!
The quokka bites you.
* * * LOW HITPOINT WARNING * * *
The orc barely misses you. The quokka bites you.
* * * LOW HITPOINT WARNING * * *
You block the giant cockroach's attack. The giant cockroach bites you.
* * * LOW HITPOINT WARNING * * *
The quokka barely misses you.
Found a mace and a rapier.
You see here a mace.
The quokka bites you but does no damage.
The quokka bites you but does no damage.
You are feeling very hungry.
The quokka bites you.
You die...

#..#.# ..#
#.s#.###..##
#..#........
#..#...####.
#.).o.##..##
#.##.$.....#
#.##s..##..#
#...r)## #
#######@.#
.........# #
#######<.##
...
#...####.....
#).......#
##########


You could see an orc, a quokka and a giant cockroach.

Vanquished Creatures
  An iguana (D:4)
  An orc wizard (D:4)
  5 adders (D:2)
  3 oozes
  4 worms (D:2)
  4 dart slugs
  3 leopard geckos
  4 orcs (D:3)
  3 ball pythons
  4 giant cockroaches
  5 goblins
  8 hobgoblins
  5 jackals (D:1)
  2 quokkas
  8 bats
  6 frilled lizards
  13 kobolds
  11 rats
90 creatures vanquished.

Notes
Turn   | Place    | Note
-------+----------+-------------------------------------------
     0 | D:1      | Hasart the Octopode Fighter began the quest for the Orb.
     0 | D:1      | Reached XP level 1. HP: 16/16 MP: 1/1
   206 | D:1      | Reached XP level 2. HP: 17/21 MP: 2/2
   613 | D:1      | Reached XP level 3. HP: 26/26 MP: 3/3
  1001 | D:2      | Reached XP level 4. HP: 20/31 MP: 4/4
  1213 | D:2      | Found a shattered altar of Ashenzari.
  1446 | D:2      | Reached skill level 1 in Stealth
  2156 | D:2      | Reached XP level 5. HP: 36/36 MP: 5/5
  3066 | D:4      | Slain by a quokka

Skill      XL: |  1  2  3  4  5 |
---------------+----------------+-----
Stealth        | 1 2 |  2.8
Polearms       | 3 |  3.9
Fighting       | |  3.7
Dodging        | |  3.8
Shields        | |  3.6

Action                   |  1- 3 |  4- 6 || total
-------------------------+-------+-------++-------
Melee: Trident           |    62 |   135 ||   197
       Tentacles         |     9 |    20 ||    29
       Constrict         |    14 |    27 ||    41
 Stab: Sleeping          |     4 |    13 ||    17
       Distracted        |       |     1 ||     1
  Eat: Chunk             |       |     6 ||     6
Armor: Skin              |     3 |     8 ||    11
Dodge: Dodged            |    17 |    49 ||    66
Block: Shield            |    21 |    38 ||    59
